 Dungeon Crawl Stone Soup version 0.18-a0-867-gfd1cc8f (webtiles) character file.

223 filipzpl the Skirmisher (level 6, 0/40 HPs)
             Began as a Gargoyle Fighter on Dec 21, 2015.
             Killed from afar by an orc wizard (7 damage)
             ... with a puff of flame
             ... on level 4 of the Dungeon.
             The game lasted 00:22:30 (2680 turns).

filipzpl the Skirmisher (Gargoyle Fighter)          Turns: 2680, Time: 00:22:30

Health: 0/40       AC: 12    Str: 21    XL:     6   Next: 0%
Magic:  6/6        EV:  7    Int:  9    God:
Gold:   111        SH:  9    Dex:  9    Spells: 0 memorised, 5 levels left

rFire  . . .     SeeInvis .     a - +1 flail
rCold  . . .     Gourm    .     b - +1 scale mail
rNeg   + . .     Faith    .     c - +0 shield
rPois  ∞         Spirit   .     (no helmet)
rElec  +         Dismiss  .     (no cloak)
rCorr  .         Reflect  .     (no gloves)
SustAt .         Harm     .     (no boots)
MR     .....                    (no amulet)
Stlth  ..........               (no ring)
                                (no ring)

@: not resistant to hostile enchantments, extremely unstealthy
A: negative energy resistance 1, electricity resistance, unbreathing,
petrification resistance, rot immunity, AC +4
a: no special abilities


You were on level 4 of the Dungeon.
You were not hungry.

You visited 1 branch of the dungeon, and saw 4 of its levels.

You collected 111 gold pieces.

Inventory:

Hand Weapons
 a - a +1 flail (weapon)
 k - a +0 whip
Armour
 b - a +1 scale mail (worn)
 c - a +0 shield (worn)
 j - a +0 helmet
 o - a +0 chain mail
Jewellery
 i - a cursed ring of teleportation
Wands
 r - a wand of cold (7/15)
Scrolls
 e - a scroll of identify
 f - a scroll of immolation {unknown}
 l - a scroll of fear {unknown}
 p - a scroll of remove curse
 q - a scroll of random uselessness
Potions
 d - 2 potions of might
 n - a potion of degeneration {unknown}
Comestibles
 g - 5 fruits
 h - a meat ration


   Skills:
 + Level 5.4 Fighting
 + Level 4.4 Maces & Flails
 - Level 3.2 Armour
 - Level 3.2 Shields


You had 5 spell levels left.
You didn't know any spells.

Dungeon Overview and Level Annotations

Branches:
Dungeon (4/15)
 Temple: D:4-7

Altars:
Elyvilon
Gozag
Zin
The Shining One


Innate Abilities, Weirdness & Mutations

You are resistant to torment.
Your stone body is resilient (AC +4).
You are immune to poison.
You resist negative energy.
You are resistant to electric shocks.
You can survive without breathing.
You are immune to petrification.
You are immune to rotting.


Message History

You are too injured to fight recklessly!
You are too injured to fight recklessly!
You are too injured to fight recklessly!
You are too injured to fight recklessly!
You are too injured to fight recklessly!
A worker ant comes into view.
The worker ant twitches its antennae in your direction.
The orc barely misses you.
Your shield and scale mail prevent you from hitting something.
The orc hits you but does no damage. Something hits you but does no damage.
You are too injured to fight recklessly!
You are too injured to fight recklessly!
You are too injured to fight recklessly!
You are too injured to fight recklessly!
You are too injured to fight recklessly!
The orc hits you but does no damage.
You hear some strange, mumbled words.
A puff of flame appears from out of thin air!
The puff of flame hits you!
You die...

#≈≈≈P≈♣ ♣.....###.
.P≈≈≈P≈♣ ♣♣...#.# #
#♣≈P≈≈P≈≈≈♣♣♣...#.#
≈≈≈≈≈≈≈≈≈≈≈♣♣#.###
≈PP≈≈≈≈≈≈≈≈P≈≈P.!(###.#
≈≈≈≈≈≈≈≈≈PP≈≈≈≈≈......#
.≈≈≈≈≈≈≈≈≈≈≈≈≈≈P.o#####
........o.# ≈≈≈≈≈≈≈P@.#
≈≈≈≈≈≈≈≈♣.#
≈≈≈≈≈PPPa...
♣♣≈≈≈≈≈≈≈.###
♣≈P≈PP≈≈.# ♣≈≈≈≈≈P♣.#
♣♣≈≈≈P≈#.# ..♣≈≈...#


You could see an orc wizard and an orc.

Vanquished Creatures
  The ghost of Chiseanne the Covered, an amateur VSEn (D:3)
  5 adders
  3 worms
  2 giant geckos
  4 orcs
  6 giant cockroaches
  8 hobgoblins
  8 jackals
  2 ball pythons (D:1)
  12 bats
  3 giant newts
  4 goblins
  8 kobolds
  5 rats
  3 plants
74 creatures vanquished.

Notes
Turn   | Place    | Note
--------------------------------------------------------------
     0 | D:1      | filipzpl the Gargoyle Fighter began the quest for the Orb.
     0 | D:1      | Reached XP level 1. HP: 14/14 MP: 1/1
   141 | D:1      | Reached XP level 2. HP: 19/19 MP: 2/2
   563 | D:1      | Reached XP level 3. HP: 24/24 MP: 3/3
   565 | D:1      | Reached skill level 4 in Fighting
  1169 | D:2      | Reached XP level 4. HP: 30/30 MP: 4/4
  1388 | D:2      | Found a white marble altar of Elyvilon.
  1388 | D:2      | Found a glowing silver altar of Zin.
  1388 | D:2      | Found a glowing golden altar of the Shining One.
  1961 | D:3      | Noticed Chiseanne's ghost (amateur VSEn)
  1971 | D:3      | Killed Chiseanne's ghost
  1971 | D:3      | Reached skill level 5 in Fighting
  1971 | D:3      | Reached XP level 5. HP: 31/35 MP: 5/5
  2060 | D:3      | Found an opulent altar of Gozag.
  2642 | D:4      | Reached XP level 6. HP: 21/40 MP: 6/6
  2680 | D:4      | Killed from afar by an orc wizard

Vault maps used:
D:1:      roderic_crop_circles_arrival_small, minivault_4, minivault_14,
          minivault_4
D:2:      good_gods_mini_temple
D:3:      nicolae_overflow_crystal_walls, first_bread, st_stairs_12,
          serial_bayou_pond_a, fountainhead
D:4:      minitemple, serial_bayou_lagoon_b

Action                   |  1- 3 |  4- 6 || total
-------------------------+-------+-------++-------
Melee: Flail             |   190 |   175 ||   365
  Use: Scroll            |     5 |     1 ||     6
       Potion            |     3 |     1 ||     4
  Eat: Bread ration      |     1 |     1 ||     2
       Fruit             |       |     1 ||     1
